[Event "Titled Tuesday Blitz April 11 Late 2023"]
[White "Oliveira, Tiago Batista"]
[Black "Bulgurlu, Okan"]
[WhiteFideId "2108291"]
[BlackFideId "6352316"]
[WhiteElo "1962"]
[BlackElo "1908"]
[Result "1-0"]
[Round "11"]
[TimeControl "180+2"]
[Date "2023.04.11"]
[WhiteClock "0:00:21"]
[BlackClock "0:00:29"]

1. d4 c5 2. d5 e6 3. c4 exd5 4. cxd5 Bd6 5. Nc3 Nf6 6. g3 O-O 7. Bg2 a6 8. a4 Re8 9. Nf3 Bc7 10. O-O Ba5 11. Nd2 d6 12. Nc4 Bxc3 13. bxc3 Ne4 14. Qb3 b5 15. axb5 Bb7 16. Bf4 axb5 17. Bxe4 Rxe4 18. Nxd6 Rxa1 19. Rxa1 Rxf4 20. Nxb7 Qd7 21. Nxc5 Qc8 22. Qxb5 1-0


[Site "https://www.chess.com"]

[Event "Titled Tuesday Blitz April 11 Late 2023"]
[White "Hartikainen, Jarmo"]
[Black "Dahlgren, James Allen"]
[WhiteFideId "503134"]
[BlackFideId "22256873"]
[WhiteElo "2108"]
[BlackElo "1824"]
[Result "1-0"]
[Round "11"]
[TimeControl "180+2"]
[Date "2023.04.11"]
[WhiteClock "0:00:22"]
[BlackClock "0:00:26"]

1. e4 e6 2. d4 c5 3. Nf3 cxd4 4. Nxd4 Nf6 5. Nc3 Bb4 6. Bd3 Nc6 7. Nb5 O-O 8. a3 Bxc3+ 9. Nxc3 d5 10. exd5 exd5 11. O-O Bg4 12. f3 Bh5 13. Bg5 d4 14. Ne4 Bg6 15. Nxf6+ gxf6 16. Bh6 Re8 17. Re1 Qb6 18. Qd2 Qxb2 19. Qf4 Qc3 20. Kf2 Bxd3 21. Qxf6 Qxc2+ 22. Kg3 1-0


[Site "https://www.chess.com"]

[Event "Titled Tuesday Blitz April 11 Late 2023"]
[White "Gabriel, Robert"]
[Black "Vargas, Mauricio"]
[WhiteFideId "4606477"]
[BlackFideId "4404572"]
[WhiteElo "2203"]
[BlackElo "1998"]
[Result "1-0"]
[Round "11"]
[TimeControl "180+2"]
[Date "2023.04.11"]
[WhiteClock "0:00:13"]
[BlackClock "0:00:01"]

1. d4 Nf6 2. c4 e6 3. a3 d5 4. e3 c6 5. Nf3 Bd6 6. Nc3 Nbd7 7. Bd3 dxc4 8. Bxc4 b5 9. Ba2 Bb7 10. O-O O-O 11. e4 e5 12. dxe5 Nxe5 13. Nxe5 Bxe5 14. Qxd8 Raxd8 15. Be3 a5 16. f3 b4 17. axb4 axb4 18. Na4 Ba6 19. Rfd1 Bb5 20. Nc5 Bxb2 21. Rab1 Bc3 22. Bb3 h6 23. g4 Be2 24. Rxd8 Rxd8 25. Kf2 Bb5 26. h4 Bd2 27. g5 hxg5 28. hxg5 Ne8 29. g6 Bxe3+ 30. Kxe3 Nd6 31. gxf7+ Nxf7 32. Kf4 Kf8 33. Ne6+ Ke7 34. Nxd8 Nxd8 35. Rg1 Kf8 36. Ke5 Nf7+ 37. Ke6 Nd8+ 38. Kd6 Nf7+ 39. Kc5 Ne5 40. Kxb4 Nxf3 41. Rg3 Ne5 42. Kc5 Nd3+ 43. Kd6 c5 44. e5 c4 45. Bc2 Nb4 46. Bg6 1-0


[Site "https://www.chess.com"]

[Event "Titled Tuesday Blitz April 11 Late 2023"]
[White "Joubert, Dantelle"]
[Black "Sanchez, Robert"]
[WhiteFideId "14310813"]
[BlackFideId "2034360"]
[WhiteElo "1507"]
[BlackElo "1966"]
[Result "0-1"]
[Round "11"]
[TimeControl "180+2"]
[Date "2023.04.11"]
[WhiteClock "0:00:45"]
[BlackClock "0:01:07"]

1. d4 Nf6 2. c4 e6 3. Nc3 Bb4 4. e3 b6 5. Bd3 Bb7 6. f3 O-O 7. Ne2 d5 8. cxd5 exd5 9. O-O c5 10. a3 Ba5 11. Qc2 c4 12. Bf5 a6 13. e4 dxe4 14. fxe4 h6 15. e5 Nd5 16. Ne4 b5 17. N2g3 Ne7 18. Be3 Nbc6 19. Rad1 Nxf5 20. Rxf5 Ne7 21. Rh5 Qd5 22. Qf2 Ng6 23. Rxh6 Rad8 24. Rf1 Bb6 25. Nd6 gxh6 26. Bxh6 Bxd4 27. Be3 Bxe3 28. Qxe3 Qxg2# 0-1